 Dungeon Crawl Stone Soup version 0.31-a0-202-g547052bce9 (webtiles) character file.

Game seed: 7356383424893789573

27228 CoordinateN the Severer (level 13, -5/125 HPs)
             Began as a Minotaur Berserker on June 27, 2023.
             Was a High Priest of Trog.
             Slain by a hornet (10 damage)
             ... on level 2 of the Lair of Beasts.
             The game lasted 00:52:32 (15766 turns).

CoordinateN the Severer (Minotaur Berserker)       Turns: 15766, Time: 00:52:33

Health: -5/125     AC: 12    Str: 27    XL:     13   Next: 3%
Magic:  5/12       EV: 12    Int:  4    God:    Trog [*****.]
Gold:   946        SH:  0    Dex: 16    Spells: 12/12 levels left

rFire   . . .        B - +6 battleaxe
rCold   . . .        (shield currently unavailable)
rNeg    + . .        C - +0 acid dragon scales
rPois   .            (helmet restricted)
rElec   .            (no cloak)
rCorr   +            i - +1 pair of gloves
SInv    +            (no boots)
Will    .....        (no amulet) Stlth
                     s - ring of positive energy
HPRegen 0.40/turn    A - +6 ring of dexterity
MPRegen 0.13/turn

%: no passive effects
@: confused
A: horns 2, retaliatory headbutt, talons 1, see invisible, sense surroundings 1,
MP-powered wands
a: Renounce Religion, Berserk, Trog's Hand, Brothers in Arms


You were on level 2 of the Lair of Beasts.
You worshipped Trog.
Trog was extremely pleased with you.
You visited 3 branches of the dungeon, and saw 13 of its levels.

You collected 946 gold pieces.

Inventory:

Hand Weapons
 v - a +0 war axe
 w - a +0 broad axe
 B - a +6 battleaxe (weapon)
Armour
 c - a +1 scale mail
 i - a +1 pair of gloves (worn)
 l - a +0 buckler
 n - a scarf of shadows
 C - +0 acid dragon scales (worn)
Jewellery
 g - a ring of fire
 s - a ring of positive energy (left hand)
 A - a +6 ring of dexterity (right hand)
Wands
 k - a wand of acid (12)
 x - a wand of flame (4) (quivered)
 E - a wand of iceblast (14)
Scrolls
 b - a scroll of summoning
 q - 2 scrolls of poison
 u - a scroll of noise
 y - a scroll of identify
 z - 3 scrolls of fog
 D - 2 scrolls of revelation
 F - a scroll of blinking
 G - a scroll of teleportation
 H - 2 scrolls of fear
 I - a scroll of silence
Potions
 a - 3 potions of might
 d - 5 potions of curing
 e - 5 potions of attraction
 f - 2 potions of brilliance
 h - 2 potions of magic
 j - 2 potions of lignification
 m - 2 potions of cancellation
 o - 4 potions of degeneration
 p - 2 potions of haste
 r - 3 potions of heal wounds
 t - 2 potions of enlightenment


   Skills:
 + Level 14.7 Fighting
 - Level 17.1 Axes
 + Level 14.4 Armour
 - Level 2.4 Dodging


You had 12 spell levels left.
You didn't know any spells.
Your spell library was empty.

Dungeon Overview and Level Annotations

Branches:
Dungeon (10/15)            Temple (1/1) D:5            Lair (2/5) D:9
  Swamp: Lair:2-3    Shoals: Lair:2-3     Snake: Lair:2-3    Spider: Lair:2-3
    Orc: D:9-12

Altars:
Ashenzari
Cheibriados
Dithmenos
Elyvilon
Fedhas
Gozag
Hepliaklqana
Kikubaaqudgha
Makhleb
Nemelex Xobeh
Okawaru
Qazlal
Ru
Sif Muna
Trog
Uskayaw
Vehumet
Wu Jian
Xom
Yredelemnul
Zin
The Shining One

Shops:
D:10 (

Annotations:
D:8 4 transporters
D:10 exclusion: ice statue


Innate Abilities, Weirdness & Mutations

You have a pair of horns on your head.
You reflexively headbutt those who attack you in melee.
You have sharp toenails.
You have supernaturally acute eyesight. (SInv)
You passively map a small area around you.
You expend magic power (3 MP) to strengthen your wands.


Message History

You slash the hornet!
You feel sick.
The tarantella touches you but does no damage.
The hornet closely misses you.
The tarantella touches you but does no damage.
The hornet stings you!
You feel as though you will be slow longer.
You feel sick. The tarantella closely misses you. The tarantella touches you!
* * * LOW HITPOINT WARNING * * *
The hornet stings you.
* * * LOW HITPOINT WARNING * * *
You shrug off the repeated paralysis!
You see here a jumping spider corpse.
You barely miss the tarantella. Your kick misses the tarantella.
The tarantella is almost dead.
You barely miss the hornet.
You feel sick. The tarantella completely misses you.
The hornet closely misses you. The tarantella touches you.
* * * LOW HITPOINT WARNING * * *
The hornet stings you but does no damage.
The tarantella touches you!
* * * LOW HITPOINT WARNING * * *
You are more confused.
Okay, then.
You feel sick. The tarantella closely misses you. The hornet stings you.
* * * LOW HITPOINT WARNING * * *
You suddenly lose the ability to move!
The tarantella touches you but does no damage.
You feel yourself speed up.
You feel sick.
You are no longer poisoned.
The hornet stings you but does no damage.
The tarantella touches you!
* * * LOW HITPOINT WARNING * * *
You are more confused.
The hornet stings you but does no damage.
You can move again.
You are too confused!
You're too confused to move!
The tarantella closely misses you. The hornet stings you!
You die... ▒▒∙∙▒ ▒∙∙∙▒ ▒∙∙▒· ▒∙∙▒▒ ▒▒▒∙∙∙▒ ∙∙∙∙ ▒▒∙▒▒ ▒▒∙∙∙∙▒▒▒ ∙∙∙∙

▒▒▒∙∙▒ ▒▒▒∙∙▒▒∙▒∙▒ ░∙∙∙ ·
∙∙∙∙∙▒▒▒▒∙∙∙∙▒∙∙∙▒▒·∙∙▒▒▒
∙∙∙∙∙▒▒∙∙∙∙∙∙∙∙∙∙∙▒▒∙∙∙∙
∙▄∙∙∙∙∙∙∙∙∙∙∙∙∙∙∙∙▒∙∙▒ ·
·· ·
∙∙∙∙∙▒▒▒∙∙▒▒∙∙∙∙∙∙∙∙∙▒ ░
∙∙∙∙∙▒ ▒∙∙▒∙∙∙▒∙@s∙∙▒▒░
▒▒∙∙∙∙ ▒∙▒∙∙∙∙▒∙∙y▒∙∙∙∙∙
· ·
░▒▒∙∙▒∙∙∙∙∙∙∙∙∙∙∙∙∙∙▒▒▒∙$
▒▒∙▒∙∙∙▒▒∙∙∙▒▒∙∙▒>▒··
∙∙▒▒∙∙▒▒▒∙∙▒▒▒∙▒∙∙∙ ·
∙∙▒▒∙∙▒▒∙∙▒▒ ▒∙▒▒▒∙▒ ···
· · ▒▒∙░░░∙∙▒ ░∙▒ · ░∙ ·
∙∙∙ P ░ · ·∙∙∙ ∙


You could see a hornet and a tarantella.

Vanquished Creatures
  A hydra (D:9)
  A centaur warrior (D:9)
  3 two-headed ogres
  Nergalle (Lair:1)
  Amaemon (D:8)
  A pharaoh ant (Lair:2)
  Pikel (D:3)
  A deep elf pyromancer (D:9)
  An ugly thing (D:9)
  4 black mambas (Lair:1)
  2 cyclopes (D:9)
  Joseph (D:10)
  6 cane toads
  An orange demon (D:8)
  A gargoyle (D:9)
  4 komodo dragons
  An unseen horror (D:10)
  Psyche (D:8)
  A troll (D:9)
  A tarantella (Lair:2)
  2 hornets
  3 blink frogs (Lair:1)
  A jumping spider (Lair:2)
  Sigmund (D:4)
  44 yaks
  5 wyverns
  A wraith (D:9)
  2 steam dragons
  A redback (Lair:2)
  2 vampire mosquitoes (D:10)
  Menkaure (D:5)
  5 acid dragons
  8 water moccasins
  2 ice beasts
  2 orc warriors (D:9)
  2 sky beasts (D:7)
  2 boggarts (D:9)
  4 centaurs
  2 lemures (D:3)
  5 kobold brigands
  2 gnoll sergeants (D:9)
  4 bullfrogs
  3 water moccasin zombies (D:5)
  2 scorpions
  11 wights
  10 killer bees
  A howler monkey (D:9)
  3 hounds
  2 gnoll boudas
  4 orc priests
  2 jellies
  3 iguanas
  A scorpion zombie (D:5)
  4 orc wizards
  2 hound zombies (D:5)
  17 gnolls
  5 adders
  2 shadow imps (D:5)
  3 ufetubi
  5 worms
  A dart slug (D:5)
  35 orcs
  10 endoplasms
  4 giant cockroaches
  3 goblins
  4 hobgoblins
  2 jackals (D:4)
  9 ball pythons
  8 bats
  2 frilled lizards (D:1)
  24 kobolds
  10 rats
327 creatures vanquished.

Vanquished Creatures (others)
  A cane toad (Lair:2)
1 creature vanquished.

Grand Total: 328 creatures vanquished

Notes
Turn   | Place    | Note
-------+----------+-------------------------------------------
     0 | D:1      | CoordinateN the Minotaur Berserker began the quest for the
                  | Orb.
     0 | D:1      | Reached XP level 1. HP: 19/19 MP: 0/0
    75 | D:1      | Found a faded altar of an unknown god.
   172 | D:1      | Reached XP level 2. HP: 27/27 MP: 1/1
   267 | D:1      | Reached skill level 4 in Axes
   922 | D:2      | Reached XP level 3. HP: 24/33 MP: 2/2
  1221 | D:2      | Reached ** piety under Trog
  1498 | D:2      | Reached skill level 5 in Axes
  1909 | D:2      | Reached XP level 4. HP: 20/40 MP: 3/3
  2036 | D:2      | Reached skill level 6 in Axes
  2473 | D:3      | Reached XP level 5. HP: 46/46 MP: 4/4
  2962 | D:4      | Found a shadowy altar of Dithmenos.
  2965 | D:4      | Noticed an ice beast
  3003 | D:4      | Killed an ice beast
  3004 | D:4      | Reached skill level 7 in Axes
  3171 | D:4      | Found a glowing silver altar of Zin.
  3219 | D:4      | Reached XP level 6. HP: 49/52 MP: 5/5
  3222 | D:4      | Reached skill level 8 in Axes
  3271 | D:4      | Noticed Pikel
  3480 | D:3      | Killed Pikel
  3481 | D:3      | Reached skill level 10 in Axes
  3481 | D:3      | Reached XP level 7. HP: 58/58 MP: 6/6
  3739 | D:4      | Reached *** piety under Trog
  3827 | D:4      | Reached skill level 11 in Axes
  4041 | D:4      | Found a sparkling altar of Nemelex Xobeh.
  4142 | D:5      | Entered Level 5 of the Dungeon
  4150 | D:5      | Reached XP level 8. HP: 66/66 MP: 7/7
  4343 | D:5      | Reached skill level 12 in Axes
  4485 | D:5      | Reached skill level 13 in Axes
  4594 | D:5      | Noticed Sigmund
  4619 | D:4      | Killed Sigmund
  4822 | D:5      | Reached skill level 14 in Axes
  4827 | D:5      | Reached XP level 9. HP: 69/71 MP: 8/8
  4846 | D:5      | Found a basalt altar of Yredelemnul.
  5107 | D:5      | Found a broken altar of Ashenzari.
  5162 | D:5      | Found a staircase to the Ecumenical Temple.
  5168 | Temple   | Entered the Ecumenical Temple
  5316 | D:6      | Reached **** piety under Trog
  5544 | D:6      | Reached skill level 15 in Axes
  5959 | D:6      | Noticed Menkaure
  6075 | D:5      | Killed Menkaure
  6620 | D:6      | Reached skill level 16 in Axes
  6746 | D:6      | Found a shimmering altar of Xom.
  6815 | D:6      | Gained mutation: You passively map a small area around you.
                  | [potion of mutation]
  6815 | D:6      | Gained mutation: You have sharp toenails. [potion of
                  | mutation]
  6815 | D:6      | Gained mutation: You have supernaturally acute eyesight.
                  | (SInv) [potion of mutation]
  6815 | D:6      | Gained mutation: You expend magic power (3 MP) to
                  | strengthen your wands. [potion of mutation]
  6977 | D:7      | Found a radiant altar of Vehumet.
  8246 | D:7      | Reached XP level 10. HP: 78/78 MP: 9/9
  8384 | D:8      | Noticed Psyche
  8404 | D:8      | Killed Psyche
  8405 | D:8      | Reached skill level 17 in Axes
  8726 | D:8      | Found a transporter.
  8732 | D:8      | Found a transporter.
  8829 | D:8      | Noticed Amaemon
  8829 | D:8      | Noticed an orange demon
  8841 | D:8      | Killed Amaemon
  8842 | D:8      | Reached skill level 5 in Fighting
  8874 | D:8      | HP: 3/81 [orange demon[Amaemon] (3)]
  8876 | D:8      | Killed an orange demon
  8877 | D:8      | Reached skill level 5 in Armour
  9141 | D:8      | Found a transporter.
  9479 | D:8      | Found a transporter.
  9592 | D:8      | Found a sacrificial altar of Ru.
 10212 | D:9      | Found a shimmering blue altar of Sif Muna.
 10246 | D:9      | Reached XP level 11. HP: 62/95 MP: 10/10
 10381 | D:9      | Found a staircase to the Lair.
 10515 | D:9      | Noticed a two-headed ogre
 10519 | D:9      | Killed a two-headed ogre
 10691 | D:9      | Noticed a green ugly thing
 10696 | D:9      | Killed a green ugly thing
 10697 | D:9      | Noticed a deep elf pyromancer
 10708 | D:9      | Killed a deep elf pyromancer
 10719 | D:9      | Noticed a seven-headed hydra
 10723 | D:9      | Reached skill level 10 in Fighting
 10759 | D:9      | Noticed a centaur warrior
 10764 | D:9      | Killed a centaur warrior
 10765 | D:9      | Reached skill level 10 in Armour
 11135 | D:9      | Killed a nine-headed hydra
 11418 | D:9      | Noticed a two-headed ogre
 11444 | D:9      | Killed a two-headed ogre
 11641 | D:10     | Entered Level 10 of the Dungeon
 11927 | D:10     | Found Migagh's Antique Weapon Emporium.
 11944 | D:10     | Reached XP level 12. HP: 102/112 MP: 11/11
 12138 | D:10     | Noticed a two-headed ogre
 12149 | D:10     | Killed a two-headed ogre
 12210 | D:10     | Noticed a two-headed ogre
 12312 | D:10     | Noticed Joseph
 12327 | D:10     | Killed Joseph
 12881 | Lair:1   | Entered Level 1 of the Lair of Beasts
 14235 | Lair:1   | Noticed Nergalle
 14255 | Lair:1   | Killed Nergalle
 15351 | Lair:2   | Found an ancient bone altar of Kikubaaqudgha.
 15505 | Lair:2   | Reached XP level 13. HP: 116/125 MP: 12/12
 15562 | Lair:2   | Reached ***** piety under Trog
 15597 | Lair:2   | Paralysed by a hornet for 2 turns
 15758 | Lair:2   | Paralysed by a hornet for 3 turns
 15764 | Lair:2   | Paralysed by a hornet for 2 turns
 15765 | Lair:2   | HP: 5/125 [tarantella (7)]
 15766 | Lair:2   | Slain by a hornet

Illustrated notes

Levels and vault maps discovered:
D:1:      minmay_arrival_split_and_join, layout_loops_ring,
          ebering_ecumenical_altar_webs
D:2:      layout_basic
D:3:      minmay_chambers_of_threes, layout_basic, grunt_ministairs_2,
          minmay_misc_feat_pillars
D:4:      kennysheep_six_static_rooms, layout_basic, nemelex_altar_shiori,
          nicolae_dithmenos_shadow_blocks, mainiacjoe_overflow_alcove_2,
          minmay_pentomino_pile, uniq_pikel
D:5:      layout_loops_ring, mainiacjoe_overflow_small_starburst,
          nicolae_yredelemnul_corpse_copse, minmay_temple_entry_fiery,
          minivault_5, minmay_misc_feat_nine_boxes, uniq_sigmund
D:6:      layout_loops_ring, kennysheep_mini, minmay_three_doors, uniq_menkaure
D:7:      layout_basic, fiery_altar_vehumet
D:8:      layout_cave_pods, mainiacjoe_overflow_tiny_flanked,
          nicolae_transporter_intersection, uniq_psyche, uniq_amaemon
D:9:      hangedman_cross_veins, layout_basic, lemuel_doored_altar,
          kennysheep_generic_room_10
D:10:     layout_loops_ring, serial_shops, shop, minivault_15, chequers_avenue,
          chequers_hall_statues_y, grunt_decor_fettered,
          onia_ninara_dug_in_and_dangerous, uniq_joseph
Temple:   cyrus_circular_temple
Lair:1:   layout_cave_pods, uniq_nergalle
Lair:2:   layout_loops_ring, nicolae_spider_entry_lesser_pyramids, basic_altar,
          fungi_pond_lemuel, dreamdust_wasp_nest, serial_bayou_shore_a

Skill      XL: |  1  2  3  4  5  6  7  8  9 10 11 12 |
---------------+-------------------------------------+-----
Axes           | 4 5 6 7 10 11 14 16 17 | 17.1
Fighting       | 8 11 14 | 14.7
Armour         | 7 11 14 | 14.4
Dodging        | |  2.4

Action                     |  1- 3 |  4- 6 |  7- 9 | 10-12 | 13-15 || total
---------------------------+-------+-------+-------+-------+-------++-------
  Melee: Hand axe          |    76 |   100 |    40 |       |       ||   216
         Headbutt          |    22 |    18 |    34 |    92 |     2 ||   168
         War axe           |       |       |     1 |       |       ||     1
         Broad axe         |       |       |   145 |       |       ||   145
         Battleaxe         |       |       |    53 |   349 |    13 ||   415
         Kick              |       |       |     6 |   115 |     3 ||   124
 Invoke: Berserk           |     1 |     3 |     6 |    10 |       ||    20
         Trog's Hand       |       |       |     1 |     2 |       ||     3
  Evoke: Wand              |       |       |     6 |     8 |     3 ||    17
    Use: Scroll            |       |    12 |    10 |     5 |     2 ||    29
         Potion            |       |       |     1 |     2 |     1 ||     4
 Armour: Scale mail        |    31 |    32 |    72 |     4 |       ||   139
         Acid dragon scale |       |       |       |    93 |    16 ||   109
  Dodge: Dodged            |    40 |    48 |   109 |   167 |    10 ||   374
  Block: Buckler           |       |       |    15 |       |       ||    15

Table legend: (Time is in decaauts)
 A = Elapsed time spent in this place.
 B = Non-inter-level travel time spent in this place.
 C = Inter-level travel time spent in this place.
 D = Time resting spent in this place.
 E = Time spent auto-exploring this place.
 F = Levels seen in this place.
 G = Mean time per level.
                   A        B        C        D        E       F      G
               +--------+--------+--------+--------+--------+-----+--------+
         Total |  15895 |  15370 |    525 |   4410 |   8281 |  13 | 1222.7 |
       Dungeon |  13113 |  12616 |    497 |   3266 |   7140 |  10 | 1311.3 |
        Temple |     52 |     52 |      0 |      0 |     42 |   1 |   52.0 |
          Lair |   2729 |   2702 |     27 |   1144 |   1099 |   2 | 1364.5 |
               +--------+--------+--------+--------+--------+-----+--------+

Top non-repeatable levels by time:
  Lair:1: 2232 daAuts
     D:8: 2104 daAuts
     D:9: 1813 daAuts
     D:5: 1365 daAuts
     D:6: 1277 daAuts
     D:2: 1227 daAuts
     D:3: 1159 daAuts
     D:4: 1158 daAuts
    D:10: 1143 daAuts
     D:7: 1089 daAuts
     D:1: 773 daAuts
  Lair:2: 497 daAuts
  Temple: 52 daAuts
